 Dungeon Crawl Stone Soup version 0.29.1-15-g9cfb28693d (webtiles) character file.

Game seed: 9011507534931089409

251 H0rd4k the Insei (level 6, -5/42 HPs)
             Began as an Octopode Artificer on Mar 27, 2023.
             Slain by a gnoll
             ... wielding a +1 halberd of flaming
              (13 damage)
             ... on level 3 of the Dungeon.
             The game lasted 00:01:39 (3031 turns).

H0rd4k the Insei (Octopode Artificer)               Turns: 3031, Time: 00:01:39

Health: -5/42      AC:  1    Str: 11    XL:     6   Next: 13%
Magic:  10/10      EV: 13    Int: 16    God:
Gold:   114        SH:  0    Dex: 12    Spells: 10/10 levels left

rFire   . . .      SeeInvis .     - Unarmed
rCold   . . .      Faith    .   (no shield)
rNeg    . . .      Spirit   .   (helmet restricted)
rPois   .          Reflect  .   (no amulet)
rElec   .          Harm     .   (no ring)
rCorr   .          Rampage  .   (no ring)
Will    .....                   (no ring)
Stlth   +++.......              (no ring)
HPRegen 0.14/turn               (no ring)
MPRegen 0.12/turn               (no ring)
                                (no ring)
                                (no ring)

@: no status effects
A: almost no armour, amphibious, 8 rings, camouflage 1, gelatinous body 1,
(nimble swimmer 1), tentacles
a: no special abilities


You were on level 3 of the Dungeon.
You visited 1 branch of the dungeon, and saw 3 of its levels.

You collected 114 gold pieces.

Inventory:

Missiles
 o - a throwing net
Armour
 e - an orb of energy
Jewellery
 q - a ring of see invisible
Wands
 b - a wand of flame (14) (quivered)
 c - a wand of charming (11)
 d - a wand of iceblast (2)
 s - a wand of mindburst (21)
Scrolls
 a - a scroll of butterflies {unknown}
 h - 2 scrolls of enchant armour {unknown}
 j - 3 scrolls of identify {unknown}
 k - 2 scrolls of brand weapon {unknown}
 l - a scroll of silence {unknown}
 n - 2 scrolls of magic mapping {unknown}
 r - a scroll of teleportation {unknown}
 v - a scroll of vulnerability {unknown}
Potions
 f - 2 potions of lignification {unknown}
 g - a potion of magic {unknown}
 i - 3 potions of degeneration {unknown}
 m - 2 potions of might {unknown}
 p - a potion of brilliance {unknown}
 t - a potion of cancellation {unknown}
 u - a potion of invisibility {unknown}
 w - a potion of curing {unknown}


   Skills:
 * Level 3.1 Fighting
 - Level 2.3 Dodging
 - Level 1.3 Stealth
 + Level 3.4 Unarmed Combat
 * Level 2.8 Spellcasting
 - Level 3.2 Evocations


You had 10 spell levels left.
You didn't know any spells.
Your spell library was empty.

Dungeon Overview and Level Annotations

Branches:
Dungeon (3/15)

Altars:


Innate Abilities, Weirdness & Mutations

You cannot wear most types of armour.
You are amphibious.
You can wear up to eight rings at the same time.
Your skin changes colour to match your surroundings (Stealth+).
Your rubbery body absorbs attacks. (AC +1, EV +1)
((You are camouflaged when in or above water. (Stealth+)))
You have tentacles for arms and can constrict up to eight enemies at once.


Message History

Found 5 gold pieces.
There is an open door here.
You now have 114 gold pieces (gained 5).
Key pressed, stopping explore.
You open the door.
Found a stone staircase leading up.
There is an open door here.
There is a stone staircase leading up here.
A quokka comes into view.
A quokka is nearby!
You miss the quokka. You grab the quokka. You tentacle-slap the quokka.
The quokka is lightly wounded.
You constrict the quokka. The quokka closely misses you.
You tentacle-slap the quokka.
You kill the quokka!
You see here a quokka corpse.
A gnoll comes into view. It is wielding a +0 club.
The gnoll shouts!
You hear a shout! 2 gnolls come into view.
A gnoll is wielding a +1 halberd of flaming.
There are monsters nearby!
A gnoll comes into view. It is wielding a +0 halberd.
The gnoll shouts! x2
There are monsters nearby!
You tentacle-slap the gnoll but do no damage.
You grab the gnoll. You squeeze the gnoll!
The gnoll is severely wounded.
You constrict the gnoll. The gnoll closely misses you.
You tentacle-slap the gnoll.
The gnoll is almost dead.
You constrict the gnoll.
You kill the gnoll!
The gnoll hits you from afar with a +0 spear!
The gnoll hits you with a +0 spear.
The gnoll hits you with a +1 halberd of flaming!
The gnoll burns you.
The gnoll hits you from afar with a +0 spear!
* * * LOW HITPOINT WARNING * * *
The gnoll hits you from afar with a +1 halberd of flaming!
You die...

#.......#..........###
####.##########.......
#.# ##.##### #.# #<#
##.####### #.#
#........# ##'##
#..#####.# ##...##
#...## ##.....##
#.#@)## ##.......##
#.....# #.........#
#.ggg....+.........'
#.#...##.#.........#
#....... ##.......##
##.###### ##.....## #.
##...## #. ##+## #.


You could see 3 gnolls.

Vanquished Creatures
  Sigmund (D:3)
  3 gnolls (D:3)
  An adder (D:2)
  A dart slug (D:3)
  An orc (D:3)
  4 endoplasms
  A giant cockroach (D:1)
  4 goblins
  3 hobgoblins
  2 jackals (D:1)
  5 quokkas
  2 ball pythons (D:2)
  6 bats
  2 frilled lizards (D:1)
  8 kobolds
  3 rats
47 creatures vanquished.

Vanquished Creatures (collateral kills)
  A rat (D:3)
1 creature vanquished.

Vanquished Creatures (others)
  A frilled lizard (D:1)
1 creature vanquished.

Grand Total: 49 creatures vanquished

Notes
Turn   | Place    | Note
-------+----------+-------------------------------------------
     0 | D:1      | H0rd4k the Octopode Artificer began the quest for the Orb.
     0 | D:1      | Reached XP level 1. HP: 13/13 MP: 1/1
   383 | D:1      | Reached XP level 2. HP: 3/18 MP: 3/3
   389 | D:1      | Reached skill level 1 in Spellcasting
  1102 | D:1      | Reached XP level 3. HP: 23/24 MP: 4/4
  1252 | D:2      | Reached skill level 1 in Unarmed Combat
  2692 | D:3      | Noticed Sigmund
  2697 | D:3      | Reached XP level 4. HP: 17/29 MP: 6/6
  2697 | D:3      | Killed Sigmund
  2698 | D:3      | Reached XP level 5. HP: 22/36 MP: 6/9
  2766 | D:3      | Reached XP level 6. HP: 29/42 MP: 10/10
  3031 | D:3      | Slain by a gnoll

Illustrated notes

Levels and vault maps discovered:
D:1:      dpeg_arrival_more_subterranean_lakeside_camping, layout_loops_ring
D:2:      layout_basic, kennysheep_generic_room_4
D:3:      layout_loops_corners, serial_bayou_pond_d, uniq_sigmund

Skill      XL: |  1  2  3  4 |
---------------+-------------+-----
Spellcasting   | 1 2 |  2.8
Fighting       | 2 3 |  3.1
Unarmed Combat | 1 3 |  3.4
Dodging        | |  2.3
Stealth        | |  1.3
Evocations     | |  3.2

Action                   |  1- 3 |  4- 6 || total
-------------------------+-------+-------++-------
Melee: Unarmed           |   101 |    12 ||   113
       Constrict         |    29 |     5 ||    34
       Tentacles         |    27 |     3 ||    30
       Punch             |     2 |     2 ||     4
Evoke: Wand              |     5 |     3 ||     8
 Stab: Sleeping          |    12 |       ||    12
       Distracted        |       |     1 ||     1
Armor: Skin              |    14 |       ||    14
Dodge: Dodged            |    79 |     6 ||    85
